 Dungeon Crawl Stone Soup version 0.21-a0-531-gacddea6 (webtiles) character file.

55 tof the Slasher (level 3, -1/28 HPs)
             Began as a Demonspawn Gladiator on Dec 12, 2017.
             Slain by a worm (8 damage)
             ... on level 2 of the Dungeon.
             The game lasted 00:01:12 (922 turns).

tof the Slasher (Demonspawn Gladiator)               Turns: 922, Time: 00:01:12

Health: -1/28      AC:  4    Str: 14    XL:     3   Next: 67%
Magic:  1/1        EV: 12    Int:  9    God:
Gold:   97         SH:  0    Dex: 15    Spells: 2/2 levels left

rFire    . . .     SeeInvis .   o - +2 dagger (antimagic)
rCold    . . .     Gourm    .   (no shield)
rNeg     . . .     Faith    .   b - +0 leather armour
rPois    .         Spirit   .   c - +0 helmet
rElec    .         Reflect  .   (no cloak)
rCorr    .         Harm     .   (no gloves)
MR       .....                  (no boots)
Stlth    +.........             (no amulet)
HPRegen  0.09/turn              (no ring)
MPRegen  0.07/turn              (no ring)

@: no status effects
A: powered by pain 1
a: no special abilities


You were on level 2 of the Dungeon.
You were not hungry.

You visited 1 branch of the dungeon, and saw 2 of its levels.

You collected 97 gold pieces.

Inventory:

Hand Weapons
 a - a +0 long sword
 o - a +2 antimagic dagger (weapon)
Missiles
 d - 3 throwing nets (quivered)
Armour
 b - a +0 leather armour (worn)
 c - a +0 helmet (worn)
Scrolls
 e - 2 scrolls of teleportation {unknown}
 i - a scroll of blinking {unknown}
 l - a scroll of remove curse {unknown}
Potions
 k - a potion of might {unknown}
 m - a potion of curing {unknown}
 p - a potion of heal wounds {unknown}
Comestibles
 f - 4 bread rations
 g - a meat ration
 h - 3 chunks of flesh
 j - 3 fruits
 n - a royal jelly


   Skills:
 + Level 2.4 Fighting
 * Level 3.4 Long Blades
 + Level 2.3 Throwing
 + Level 1.1 Armour
 - Level 2.6 Dodging


You had 2 spell levels left.
You didn't know any spells.

Dungeon Overview and Level Annotations

Branches:
Dungeon (2/15)

Altars:


Innate Abilities, Weirdness & Mutations

You sometimes gain a little power by taking damage.


Message History

You hit the worm.
The worm is moderately wounded.
The worm barely misses you.
You hit the worm.
The worm is moderately wounded.
You hit the worm.
The worm is moderately wounded.
The worm completely misses you.
You hit the worm.
The worm is moderately wounded.
You hit the worm.
The worm is heavily wounded.
The worm bites you.
* * * LOW HITPOINT WARNING * * *
You hit the worm.
The worm is heavily wounded.
You hit the worm.
The worm is severely wounded.
The worm bites you!
You die...

### #.< ..# ..# #.#
#.# #.# #.# #.# #.#
#.# #)# #
#.######.## ##.##.#
#.....#...####...#.#
#.......#..........#
#.#####...#.##...###
##.# ##.##.###@##
#..######.##.# #w#
#..........#.# #.#
#..######..... ..#
#.†# ........ ..#
#.)##.####....##.#
>.<....... ..#
#.)###.### ..#
#..###.##


You could see a worm.

Vanquished Creatures
  2 adders (D:2)
  A dart slug (D:1)
  2 leopard geckos (D:1)
  A giant cockroach (D:2)
  3 goblins
  2 hobgoblins (D:1)
  9 jackals (D:1)
  2 ball pythons
  3 frilled lizards
  2 kobolds
  5 rats (D:1)
32 creatures vanquished.

Notes
Turn   | Place    | Note
-------+----------+-------------------------------------------
     0 | D:1      | tof the Demonspawn Gladiator began the quest for the Orb.
     0 | D:1      | Reached XP level 1. HP: 16/16 MP: 1/1
   199 | D:1      | Gained mutation: You sometimes gain a little power by taking damage. [demonic ancestry]
   199 | D:1      | Reached XP level 2. HP: 22/22 MP: 2/2
   201 | D:1      | Reached skill level 3 in Long Blades
   655 | D:1      | Reached XP level 3. HP: 24/28 MP: 1/3
   756 | D:2      | Reached skill level 1 in Armour
   922 | D:2      | Slain by a worm

Vault maps used:
D:1:      zaba_arrival_water, minmay_misc_feat_tiny
D:2:      nicolae_ru_the_path_less_chosen, dancing_weapons_uskayaw, first_bread

Skill      XL: |  1  2  3 |
---------------+----------+-----
Long Blades    | 3 |  3.4
Throwing       | 2 |  2.3
Armour         | 1 |  1.1
Fighting       | |  2.4
Dodging        | |  2.6

Action                   || total
-------------------------++-------
Melee: Long sword        ||    42
       Dagger            ||    59
Armor: Leather armour    ||    29
Dodge: Dodged            ||    74
       Rpst.: Long sword ||    16

Table legend:
 A = Spawn XP
 B = Non-spawn XP
 C = Spawn XP percentage of total XP
 D = Spawn monster count
 E = Non-spawn monster count
 F = Spawn count percentage of total count
 G = Total turns spent on level
                    A         B        C        D         E        F      G
               +---------+---------+-------+---------+---------+-------+---------
         Total |       0 |      79 |   0.0 |       0 |      32 |   0.0 |   922
               +---------+---------+-------+---------+---------+-------+---------
           D:1 |       0 |      44 |   0.0 |       0 |      24 |   0.0 |   749
           D:2 |       0 |      35 |   0.0 |       0 |       8 |   0.0 |   173
               +---------+---------+-------+---------+---------+-------+---------
